 Dungeon Crawl Stone Soup version 0.17.1-1-g73c8601 (webtiles) character file.

48114 Mysteryquy the Thaumaturge (level 14, -10/102 HPs)
             Began as a Pale Draconian Fire Elementalist on Jan 7, 2016.
             Was the Champion of Vehumet.
             Shot with a poisoned arrow by Nessos (24 damage)
             ... on level 7 of the Lair of Beasts.
             The game lasted 01:32:50 (25652 turns).

Mysteryquy the Thaumaturge (DrFE)                  Turns: 25652, Time: 01:32:51

Health: -10/102    AC: 10    Str: 11    XL:     14   Next: 11%
Magic:  38/50      EV: 13    Int: 19    God:    Vehumet [******]
Gold:   869        SH:  0    Dex: 15    Spells: 9 memorised, 12 levels left

rFire  . . .     SeeInvis .     B - +3 whip (venom)
rCold  . . .     Clarity  .     (armour unavailable)
rNeg   . . .     SustAt   .     (no shield)
rPois  .         Gourm    .     Y - +0 hat {MR+}
rElec  .         Spirit   .     (no cloak)
rCorr  .         Warding  .     X - +0 pair of gloves (curse)
rMut   .         Stasis   .     n - +0 pair of boots
MR     ++...                    l - amulet of faith
Stlth  ++........               L - ring of magical power
                                z - ring "Maricoim" {MP+9 Dex+2}

@: very resistant to hostile enchantments, unstealthy
A: breathe steam, unfitting armour, mutation resistance 1, cold-blooded, AC +8
a: Breathe Steam, Renounce Religion


You were on level 7 of the Lair of Beasts.
You worshipped Vehumet.
Vehumet was exalted by your worship.
You were not hungry.

You visited 2 branches of the dungeon, and saw 19 of its levels.

You collected 1093 gold pieces.
You spent 224 gold pieces at shops.

Inventory:

Hand Weapons
 B - a +3 whip of venom (weapon)
Armour
 n - a +0 pair of boots (worn)
 X - a cursed +0 pair of gloves (worn)
 Y - a +0 hat of magic resistance (worn)
Jewellery
 k - an uncursed amulet of guardian spirit
 l - an amulet of faith (around neck)
 z - the ring "Maricoim" (left hand) {MP+9 Dex+2}
   (You found it on level 11 of the Dungeon)

   [ring of magical power]

   It affects your dexterity (+2).
   It affects your magic capacity (+9).
 L - a ring of magical power (right hand)
Wands
 p - a wand of digging (13)
 C - a wand of paralysis (14)
 N - a wand of confusion (26)
 P - a wand of disintegration (24)
Scrolls
 c - 8 scrolls of remove curse
 d - 12 scrolls of identify
 g - 7 scrolls of fog
 x - a scroll of amnesia
 y - 9 scrolls of recharging
 A - 7 scrolls of magic mapping
 D - 4 scrolls of teleportation
Potions
 f - 3 potions of curing
 j - a potion of flight
 q - a potion of might
 r - a potion of agility
 t - a potion of resistance
 w - a potion of haste
 J - a potion of magic
 Q - a potion of brilliance
 T - a potion of ambrosia
Books
 a - a book of Flames

   Spells                             Type                      Level
   a - Flame Tongue                   Conjuration/Fire             1
   b - Throw Flame                    Conjuration/Fire             2
   c - Conjure Flame                  Conjuration/Fire             3
   d - Inner Flame                    Hexes/Fire                   3
   e - Sticky Flame                   Conjuration/Fire             4
   f - Fireball                       Conjuration/Fire             5
 m - the Catalogue of Fiery Confrontation
   (You acquired it on level 11 of the Dungeon)

   Spells                             Type                      Level
   a - Conjure Flame                  Conjuration/Fire             3
   b - Stone Arrow                    Conjuration/Earth            3
   c - Fulminant Prism                Conjuration/Hexes            4
   d - Sticky Flame                   Conjuration/Fire             4
   e - Bolt of Fire                   Conjuration/Fire             6
 o - a book of Beasts

   Spells                             Type                      Level
   a - Summon Butterflies             Summoning                    1
   b - Call Canine Familiar           Summoning                    3
   c - Summon Ice Beast               Ice/Summoning                4
   d - Summon Mana Viper              Hexes/Summoning              5
   e - Summon Hydra                   Summoning                    7
 E - a book of Frost

   Spells                             Type                      Level
   a - Freeze                         Ice                          1
   b - Throw Frost                    Conjuration/Ice              2
   c - Ozocubu's Armour               Charms/Ice                   3
   d - Throw Icicle                   Conjuration/Ice              4
   e - Summon Ice Beast               Ice/Summoning                4
   f - Condensation Shield            Ice                          4
 H - a book of the Tempests

   Spells                             Type                      Level
   a - Static Discharge               Conjuration/Air              3
   b - Lightning Bolt                 Conjuration/Air              5
   c - Fireball                       Conjuration/Fire             5
   d - Tornado                        Air                          9
   e - Shatter                        Earth                        9
 S - a book of Clouds

   Spells                             Type                      Level
   a - Mephitic Cloud                 Conjuration/Poison/Air       3
   b - Conjure Flame                  Conjuration/Fire             3
   c - Poisonous Cloud                Conjuration/Poison/Air       6
   d - Freezing Cloud                 Conjuration/Ice/Air          6
   e - Ring of Flames                 Charms/Fire                  7
Comestibles
 b - 8 bread rations
 i - 3 fruits
 s - 8 meat rations
 v - 5 beef jerkies
 G - 7 slices of pizza


   Skills:
 + Level 3.3 Fighting
 - Level 9.1 Maces & Flails
 - Level 2.6 Dodging
 - Level 2.3 Stealth
 * Level 14.4 Spellcasting
 - Level 11.0 Conjurations
 + Level 13.2 Fire Magic


You had 12 spell levels left.
You knew the following spells:

 Your Spells              Type           Power        Failure   Level  Hunger
a - Throw Flame           Conj/Fire      ######       1%          2    None
b - Conjure Flame         Conj/Fire      ######..     1%          3    None
c - Magic Dart            Conj           ####         1%          1    None
d - Inner Flame           Hex/Fire       #####...     1%          3    None
e - Sticky Flame          Conj/Fire      ######..     1%          4    None
f - Fireball              Conj/Fire      ######....   1%          5    ####...
g - Ignite Poison         Fire/Trmt/Pois ####....     1%          3    None
h - Bolt of Fire          Conj/Fire      ######....   1%          6    #####..
i - Delayed Fireball      Conj/Fire      N/A          9%          7    #######


Dungeon Overview and Level Annotations

Branches:
Dungeon (12/15)            Temple (0/1) D:7            Lair (7/8) D:8
  Swamp (0/4) Lair:3        Snake (0/4) Lair:6        Slime (0/6) Lair:7
    Orc: D:9-12

Altars:
Dithmenos
Gozag
Ru
Trog
Vehumet
Xom
Zin
The Shining One

Shops:
D:6 ?   D:11 [

Annotations:
D:12 ! UNSEEN HORROR
Lair:7 Nessos


Innate Abilities, Weirdness & Mutations

You can breathe blasts of scalding, opaque steam.
Your pale cyan-grey scales are hard (AC +8).
Your body does not fit into most forms of armour.
You are cold-blooded and may be slowed by cold attacks.
You are somewhat resistant to further mutation.


Message History

Nessos shoots a poisoned arrow.
The poisoned arrow hits you! The poisoned arrow burns you.
* * * LOW HITPOINT WARNING * * *
You are poisoned.
You continue eating.
You feel sick.
Nessos gestures wildly while chanting.
Nessos seems to speed up.
You continue eating.
You feel sick.
Nessos shoots a poisoned arrow.
The poisoned arrow closely misses you.
Nessos shoots a poisoned arrow.
The poisoned arrow hits you!
* * * LOW HITPOINT WARNING * * *
The poisoned arrow burns you.
* * * LOW HITPOINT WARNING * * *
You are more poisoned.
You finish eating.
That bread ration really hit the spot!
Drink which item? (? for menu, Esc to quit)
You feel better.
Nessos shoots a poisoned arrow.
The poisoned arrow hits you!!
You die...

.. ............## ..
.................... .
...................##
.F...c..............#
.P..................#
...................###
#..............<.....#
.#..................##
.......@...........##
..#.###.(#.....##.##
#######.###.# ### ###


You could see Nessos and a blink frog (wandering).

Vanquished Creatures
  Gastronok (D:10)
  A catoblepas (Lair:6)
  7 hydras
  8 death yaks
  Urug (Lair:4)
  A hill giant (D:11)
  2 cyclopes
  2 griffons
  A manticore (D:11)
  A centaur zombie (D:11)
  An elephant (Lair:6)
  Maurice (D:9)
  10 black mambas
  The ghost of Poody the Archer, a novice CeHu (D:4)
  8 spiny frogs
  8 komodo dragons
  3 polar bears (Lair:6)
  Grinder (D:4)
  12 blink frogs
  Prince Ribbit (D:6)
  A troll (D:12)
  2 boulder beetles (Lair:6)
  A spriggan (D:9)
  5 two-headed ogres
  A wraith (D:12)
  A wyvern (D:9)
  A steam dragon (D:11)
  3 basilisks
  8 hippogriffs
  24 yaks
  15 water moccasins
  2 vampire mosquitoes
  5 hungry ghosts
  10 wolves
  6 porcupines
  2 orc warriors
  2 necrophages (D:8)
  3 wasps
  6 ogres
  5 ice beasts
  A phantom (D:9)
  2 black bears (D:9)
  12 centaurs
  4 sky beasts
  An eye of draining (D:8)
  A big kobold (D:8)
  11 crocodiles
  A gnoll sergeant (D:9)
  20 giant frogs
  4 scorpions
  18 wights
  11 killer bees
  5 crimson imps
  A vampire bat (Lair:1)
  7 jellies
  7 giant frog skeletons
  4 giant frog zombies
  4 hounds
  2 centaur skeletons
  5 orc wizards
  8 orc priests
  8 iguanas
  6 worker ants
  7 sheep
  A hound zombie (D:8)
  A hound skeleton (D:9)
  16 gnolls
  A worker ant zombie (D:5)
  46 river rats
  5 shadow imps
  18 adders
  An ooze (D:5)
  An adder skeleton (D:4)
  7 worms
  5 giant geckos
  25 orcs
  18 bats
  A giant cockroach (D:7)
  9 goblins
  7 hobgoblins
  5 jackals (D:1)
  4 quokkas
  4 ball pythons
  A ball python zombie (D:5)
  7 giant newts
  A jackal skeleton (D:4)
  A jackal zombie (D:5)
  6 kobolds
  11 rats
  3 fungi
529 creatures vanquished.

Vanquished Creatures (collateral kills)
  A wolf (Lair:3)
1 creature vanquished.

Vanquished Creatures (others)
  An adder (D:2)
  A giant cockroach (D:2)
  17 fungi (Lair:6)
  18 plants
37 creatures vanquished.

Grand Total: 567 creatures vanquished

Notes
Turn   | Place    | Note
--------------------------------------------------------------
     0 | D:1      | Mysteryquy the Draconian Fire Elementalist began the quest for the Orb.
     0 | D:1      | Reached XP level 1. HP: 14/14 MP: 3/3
   463 | D:1      | Reached XP level 2. HP: 20/20 MP: 1/5
  1499 | D:2      | Reached XP level 3. HP: 26/26 MP: 2/6
  1673 | D:2      | Found a radiant altar of Vehumet.
  1685 | D:2      | Became a worshipper of Vehumet
  1920 | D:1      | Reached XP level 4. HP: 8/33 MP: 5/7
  2312 | D:2      | Reached skill level 4 in Fire Magic
  2577 | D:2      | Reached XP level 5. HP: 38/38 MP: 6/9
  2586 | D:2      | Learned a level 3 spell: Conjure Flame
  3311 | D:3      | Found a shimmering altar of Xom.
  3320 | D:3      | Reached * piety under Vehumet
  3320 | D:3      | Offered knowledge of Magic Dart by Vehumet.
  3400 | D:3      | Learned a level 1 spell: Magic Dart
  3589 | D:3      | Learned a level 3 spell: Inner Flame
  3825 | D:3      | Found a shadowy altar of Dithmenos.
  3826 | D:3      | Found a sacrificial altar of Ru.
  4462 | D:4      | Noticed an angel
  4466 | D:4      | Found a glowing silver altar of Zin.
  4687 | D:4      | Noticed Poody's ghost (novice CeHu)
  4851 | D:3      | Reached XP level 6. HP: 13/45 MP: 0/11
  5103 | D:4      | Killed Poody's ghost
  5103 | D:4      | Reached skill level 5 in Fire Magic
  5103 | D:4      | Your scales start taking on a pale cyan-grey colour.
  5103 | D:4      | Reached XP level 7. HP: 50/50 MP: 5/14
  5186 | D:4      | Reached skill level 5 in Spellcasting
  5257 | D:4      | Noticed a moth of wrath
  5258 | D:4      | Noticed Grinder
  5260 | D:4      | Found a bloodstained altar of Trog.
  5391 | D:4      | Learned a level 4 spell: Sticky Flame
  5401 | D:4      | Killed Grinder
  5583 | D:5      | Entered Level 5 of the Dungeon
  5824 | D:5      | Reached skill level 6 in Fire Magic
  6024 | D:5      | Reached XP level 8. HP: 57/57 MP: 17/17
  6242 | D:5      | Reached ** piety under Vehumet
  6393 | D:6      | Offered knowledge of Sting by Vehumet.
  6853 | D:6      | Found a glowing golden altar of the Shining One.
  6922 | D:6      | Noticed Prince Ribbit
  6930 | D:6      | Killed Prince Ribbit
  6930 | D:6      | Reached skill level 7 in Spellcasting
  6944 | D:6      | Reached skill level 5 in Conjurations
  7261 | D:6      | Reached XP level 9. HP: 55/62 MP: 8/20
  7379 | D:6      | Found Gasahuk's Magic Scroll Shop.
  7513 | D:6      | Bought a scroll of magic mapping for 38 gold pieces
  7513 | D:6      | Bought a scroll of teleportation for 33 gold pieces
  7724 | D:6      | Reached skill level 8 in Spellcasting
  7767 | D:6      | Learned a level 5 spell: Fireball
  8090 | D:7      | Offered knowledge of Mephitic Cloud by Vehumet.
  8334 | D:7      | Found a staircase to the Ecumenical Temple.
  8368 | D:7      | Paralysed by a wasp for 1 turns
  8732 | D:7      | Reached *** piety under Vehumet
  8985 | D:7      | Identified a +0 rod of shadows (13/13) (You found it on level 7 of the Dungeon)
  9168 | D:8      | Reached skill level 1 in Maces & Flails
  9168 | D:8      | Reached skill level 9 in Spellcasting
  9290 | D:8      | Noticed a komodo dragon
  9367 | D:8      | Found a staircase to the Lair.
  9382 | D:8      | Killed a komodo dragon
  9433 | D:8      | Offered knowledge of Ignite Poison by Vehumet.
  9433 | D:8      | Reached XP level 10. HP: 69/69 MP: 23/23
  9438 | D:8      | Learned a level 3 spell: Ignite Poison
 10013 | D:8      | Found an opulent altar of Gozag.
 10324 | D:9      | Reached **** piety under Vehumet
 10663 | D:9      | Noticed Maurice
 10670 | D:9      | Killed Maurice
 10776 | D:9      | Reached skill level 10 in Spellcasting
 10855 | D:9      | Offered knowledge of Iskenderun's Mystic Blast by Vehumet.
 11830 | D:9      | Reached XP level 11. HP: 74/74 MP: 21/25
 12047 | D:10     | Entered Level 10 of the Dungeon
 12139 | D:10     | Noticed Gastronok
 12409 | D:10     | Reached ***** piety under Vehumet
 12539 | D:11     | Offered knowledge of Ozocubu's Refrigeration by Vehumet.
 12575 | D:11     | Noticed a four-headed hydra
 12589 | D:11     | Killed a four-headed hydra
 12589 | D:11     | Reached skill level 5 in Maces & Flails
 12669 | D:11     | Noticed a hill giant
 12681 | D:11     | Killed a hill giant
 12681 | D:11     | Reached skill level 10 in Fire Magic
 12919 | D:11     | Identified a scroll of acquirement
 12922 | D:11     | Identified the Catalogue of Fiery Confrontation (You acquired it on level 11 of the Dungeon)
 12933 | D:11     | Learned a level 2 spell: Throw Flame
 12978 | D:11     | Reached skill level 11 in Spellcasting
 13632 | D:11     | Learned a level 6 spell: Bolt of Fire
 14104 | D:11     | Got a translucent glass ring
 14411 | D:11     | Found Cunk's Antique Armour Shop.
 14414 | D:11     | Bought a pair of embroidered gloves for 153 gold pieces
 14550 | D:10     | Killed Gastronok
 14550 | D:10     | Reached XP level 12. HP: 81/81 MP: 7/27
 15093 | D:10     | Identified the ring "Maricoim" {MP+9 Dex+2} (You found it on level 11 of the Dungeon)
 15480 | D:12     | Noticed an eight-headed hydra
 15486 | D:12     | Killed an eight-headed hydra
 15486 | D:12     | Offered knowledge of Delayed Fireball by Vehumet.
 15486 | D:12     | Reached skill level 12 in Spellcasting
 15495 | D:12     | Learned a level 7 spell: Delayed Fireball
 16247 | Lair:1   | Entered Level 1 of the Lair of Beasts
 16312 | Lair:1   | Noticed a five-headed hydra
 16316 | Lair:1   | Killed a five-headed hydra
 17427 | Lair:2   | Noticed a five-headed hydra
 17470 | Lair:2   | Found a dark tunnel.
 17508 | Lair:2   | Noticed a four-headed hydra
 17520 | Lair:2   | Killed a four-headed hydra
 17610 | Lair:2   | Reached skill level 10 in Conjurations
 17944 | Lair:2   | Noticed a six-headed hydra
 17948 | Lair:2   | Killed a six-headed hydra
 18046 | Lair:2   | Killed a five-headed hydra
 18654 | Lair:3   | Reached skill level 13 in Spellcasting
 18668 | Lair:2   | Offered knowledge of Iron Shot by Vehumet.
 18793 | Lair:2   | Reached XP level 13. HP: 49/86 MP: 30/30
 19493 | Lair:3   | Found a staircase to the Swamp.
 20523 | Lair:4   | Noticed Urug
 20535 | Lair:4   | Killed Urug
 21292 | Lair:5   | Found a labyrinth entrance.
 22385 | Lair:6   | HP: 3/86 [blink frog (17)]
 22880 | Lair:6   | Reached ****** piety under Vehumet
 22880 | Lair:6   | Offered knowledge of Spellforged Servitor by Vehumet.
 23181 | Lair:6   | Reached skill level 1 in Fighting
 23181 | Lair:6   | Reached skill level 14 in Spellcasting
 23986 | Lair:5   | Gained mutation: You are somewhat resistant to further mutation. [potion of mutation]
 24186 | Lair:6   | Found a staircase to the Snake Pit.
 24516 | Lair:6   | Reached XP level 14. HP: 76/100 MP: 29/32
 25088 | Lair:7   | Found a staircase to the Slime Pits.
 25102 | Lair:7   | Noticed Nessos
 25651 | Lair:7   | HP: 4/102 [Nessos/poisoned arrow (5)]
 25652 | Lair:7   | Shot with a poisoned arrow by Nessos

Action                   |  1- 3 |  4- 6 |  7- 9 | 10-12 | 13-15 || total
-------------------------+-------+-------+-------+-------+-------++-------
Melee: Unarmed           |    36 |    99 |       |       |       ||   135
       Whip              |       |       |    45 |    87 |    15 ||   147
 Cast: Flame Tongue      |    60 |   134 |   177 |   238 |       ||   609
       Magic Dart        |       |     9 |     2 |       |       ||    11
       Inner Flame       |       |     1 |     5 |     9 |     1 ||    16
       Conjure Flame     |       |     1 |     9 |    18 |     2 ||    30
       Sticky Flame      |       |       |    31 |    57 |    40 ||   128
       Fireball          |       |       |     1 |    10 |     7 ||    18
       Throw Flame       |       |       |       |   349 |   365 ||   714
       Bolt of Fire      |       |       |       |    24 |    58 ||    82
       Ignite Poison     |       |       |       |     2 |     1 ||     3
       Delayed Fireball  |       |       |       |     1 |     3 ||     4
 Abil: Release Delayed F |       |       |       |       |     4 ||     4
  Use: Potion            |       |       |       |     1 |    12 ||    13
       Scroll            |       |       |       |    12 |     6 ||    18
  Eat: Chunk             |     4 |     7 |    16 |    33 |    28 ||    88
       Bread ration      |       |     1 |       |       |     2 ||     3
       Fruit             |       |       |       |     8 |     4 ||    12
       Pizza             |       |       |       |     3 |       ||     3
       Beef jerky        |       |       |       |       |     3 ||     3
